 Dungeon Crawl Stone Soup version 0.31-a0-1068-g5939ac1fb6 (webtiles) character file.

Game seed: 15079781291654222401

3465 kae the Arsonist (level 9, -15/52 HPs)
             Began as a Deep Elf Fire Elementalist on Nov 23, 2023.
             Was a Believer of Vehumet.
             Demolished by a two-headed ogre
             ... wielding a +0 dire flail
              (16 damage)
             ... on level 8 of the Dungeon.
             The game lasted 00:05:52 (7318 turns).

kae the Arsonist (Deep Elf Fire Elementalist)       Turns: 7318, Time: 00:05:53

Health: -15/52     AC:  6    Str:  2    XL:     9   Next: 78%
Magic:  31/31      EV: 15    Int: 25    God:    Vehumet [**....]
Gold:   380        SH:  0    Dex: 15    Spells: 10/23 levels left

rFire   + . .        w - staff of the Median {rF+ rN+ MP+9 Str-3 Fire, !a}
rCold   . . .        (no shield)
rNeg    + . .        a - +0 robe
rPois   .            (no helmet)
rElec   .            (no cloak)
rCorr   .            (no gloves)
SInv    .            (no boots)
Will    +....        A - amulet of the acrobat
Stlth   ++           d - ring of willpower
HPRegen 0.28/turn    O - +4 ring of protection
MPRegen 0.22/turn

%: acrobat
@: no status effects
A: no striking features
a: Renounce Religion


You were on level 8 of the Dungeon.
You worshipped Vehumet.
Vehumet was pleased with you.
You visited 2 branches of the dungeon, and saw 9 of its levels.

You collected 380 gold pieces.


   Skills:
 + Level 4.4 Fighting
 + Level 7.2 Dodging
 - Level 2.4 Stealth
 + Level 7.8 Spellcasting
 + Level 6.0 Conjurations
 - Level 3.0 Hexes
 * Level 9.4 Fire Magic


You had 10 spell levels left.
You knew the following spells:

 Your Spells              Type           Power      Damage    Failure   Level
a - Foxfire               Conj/Fire      100%       2x1d9     1%          1
b - Scorch                Fire           100%       2d9       1%          2
c - Inner Flame           Hex/Fire       57%        N/A       1%          3
d - Volatile Blastmotes   Fire/Tloc      100%       2d18      2%          3
e - Flame Wave            Conj/Fire      64%        2d15      2%          4

Your spell library contained the following spells:

 Spells                   Type           Power      Damage    Failure   Level
 Searing Ray              Conj           80%        2d7       1%          2
 Kiss of Death            Conj/Necr      100%       2d13      1%          1
 Confusing Touch          Hex            24%        N/A       5%          3
 Stone Arrow              Conj/Erth      50%        3d10      5%          3
 Sandblast                Erth           18%        2d7       6%          1
 Passwall                 Tmut/Erth      7%         N/A       10%         2
 Wereblood                Tmut           9%         N/A       10%         2
 Brom's Barrelling Bould  Conj/Erth      25%        2d5       17%         4
 Irradiate                Conj/Tmut      12%        3d15      43%         5
 Dispel Undead            Necr           9%         3d8       52%         4

Inventory:

Hand Weapons
 j - a +3 short sword of electrocution
   (You found it on level 1 of the Dungeon)
Missiles
 c - 12 darts of dispersal {=f!f}
 e - 83 stones
 h - 2 curare-tipped darts {=f}
 q - 5 boomerangs
 t - 2 throwing nets {=f!f}
 v - 26 poisoned darts
Armour
 a - a +0 robe (worn)
Magical Staves
 w - the staff of the Median (weapon) {rF+ rN+ MP+9 Str-3 Fire, !a}
   (You acquired it on level 5 of the Dungeon)

   [staff of fire]

   Base accuracy: +5 Base damage: 5 Base attack delay: 1.2 This weapon's minimum
   attack delay (0.6) is reached at skill level 12.
   Str-3:     It affects your strength (-3).
   rF+:       It protects you from fire.
   rN+:       It protects you from negative energy.
   MP+9:      It affects your magic capacity (+9).
   Fire:      It increases the power of your Fire spells.
   It falls into the 'Staves' category.
   It is a one-handed weapon.
Jewellery
 d - a ring of willpower (left hand)
   (You found it on level 1 of the Dungeon)
 A - an amulet of the acrobat (around neck)
   (You found it on level 1 of the Dungeon)
 F - a ring of fire
   (You found it on level 6 of the Dungeon)
 O - a +4 ring of protection (right hand)
   (You found it on level 1 of the Dungeon)
 P - a ring of poison resistance
   (You found it on level 2 of the Dungeon)
 W - a ring of magical power
   (You found it on level 1 of the Dungeon)
Wands
 s - a wand of light (15)
   (You found it on level 4 of the Dungeon)
 u - a wand of paralysis (22)
   (You found it on level 6 of the Dungeon)
Scrolls
 i - 2 scrolls of teleportation {@r4}
 m - 3 scrolls of blinking {!r}
 n - 2 scrolls of torment {!r}
 x - a scroll of amnesia {unknown}
 C - a scroll of identify {@r1}
Potions
 b - a potion of magic
 f - 2 potions of might {unknown}
 g - 3 potions of brilliance
 k - 2 potions of heal wounds {@q2}
 l - 3 potions of attraction {!q}
 o - a potion of enlightenment
 p - 4 potions of curing {@q1}
 r - 2 potions of ambrosia
 z - a potion of cancellation
 B - a potion of degeneration {unknown}

Dungeon Overview and Level Annotations

Branches:
Dungeon (8/15) Zot: 26854  Temple (1/1) D:4 Zot: 5973
   Lair: D:8-11

Altars:
Ashenzari
Cheibriados
Dithmenos
Fedhas
Gozag
Hepliaklqana
Kikubaaqudgha
Makhleb
Okawaru
Qazlal
Vehumet
Xom
Yredelemnul
Zin

Shops:
D:3 *

Annotations:
D:4 2 transporters, noobster's ghost, amateur HuFi

. ##. ## #..
#.# #.# ##
........#
..#.#.#.#.##
........†..#
#@#
....Y..O...#
..#F#F#.#S##
?.......#
#.# #.# #.#
... ... .#
... #.. # ..
.#.


You could see a two-headed ogre, a yak (fleeing), a water moccasin (fleeing) and
2 bullfrogs.


Message History

You feel a surge of power!
A wave of flame ripples out!
The flame wave engulfs the yak!
You kill the yak!
Vehumet accepts your kill.
You feel your power returning. (Press . to intensify the flame waves.)
Your Dodging skill increases to level 7! 😮 MP[-1]
You lost 1 mp, and now have 19/31 mp.
Done exploring. 😕 HP[+16] MP[+12]
You regained 16 hp, and now have 44/52 hp.
Your mp is fully restored (31).
Done exploring.
Done exploring.
You start resting. 😎 HP[+8]
Your hp is fully restored (52).
You climb downwards.
The yak gores you but does no damage.
There is a stone staircase leading up, spattered with blood here.
Casting: Flame Wave (dangerous; 2% risk of failure)
Confirm with . or Enter, or press ? or * to list all spells.
Casting: Flame Wave (dangerous; 2% risk of failure)
Press: ? - help, Dir - look around, f - activate You feel a surge of power!
A wave of flame ripples out!
The flame wave engulfs the yak.
The flame wave engulfs the yak! (Press . to intensify the flame waves.)
You hear an angry hiss.
The yak gores you! The yak misses you. 😕 HP[-11] MP[-4]
You take 11 damage, and now have 41/52 hp.
MASSIVE DAMAGE!! (PAUSE)
You lost 4 mp, and now have 27/31 mp.
A wave of flame ripples out!
The flame wave engulfs the yak! x2
The flame wave engulfs the yak!!
The yak barely misses you. The yak completely misses you. 😕 MP[-1]
You lost 1 mp, and now have 26/31 mp.
A wave of flame ripples out!
The flame wave engulfs the yak!
The flame wave engulfs the yak!!
You kill the yak!
Vehumet accepts your kill.
The flame wave engulfs the yak!
You finish channelling waves of flame.
You hear a shout!
You hear a croak.
A water moccasin comes into view.
The yak completely misses you.
A bullfrog comes into view. 😕 MP[-1]
You lost 1 mp, and now have 25/31 mp.
The bullfrog croaks.
The yak barely misses you.
You climb upwards.
There is a stone staircase leading down here. 😕 HP[+1] MP[+1]
Casting: Flame Wave (dangerous; 2% risk of failure)
Confirm with . or Enter, or press ? or * to list all spells.
Casting: Flame Wave (dangerous; 2% risk of failure)
Press: ? - help, Dir - look around, f - activate You feel a surge of power!
A wave of flame ripples out!
The flame wave engulfs the yak! (Press . to intensify the flame waves.)
The yak closely misses you. 😕 MP[-4]
You lost 4 mp, and now have 22/31 mp.
A wave of flame ripples out!
The flame wave engulfs the yak.
The yak completely misses you. 😕 MP[-1]
You lost 1 mp, and now have 21/31 mp.
A wave of flame ripples out!
The flame wave engulfs the yak!
You kill the yak!
Vehumet accepts your kill.
You feel your power returning.
You finish channelling waves of flame.
Your Conjurations skill increases to level 6! 😕 HP[+1] MP[+2]
You regained 2 mp, and now have 23/31 mp.
Done exploring. 😎 HP[+9] MP[+8]
Your hp is fully restored (52).
Your mp is fully restored (31).
Done exploring.
Done exploring.
You climb downwards.
The bullfrog hits you but does no damage.
The two-headed ogre hits you with a +0 dire flail!
The two-headed ogre hits you with a +0 giant club!!
* * * LOW HITPOINT WARNING * * *
The bullfrog hits you.
* * * LOW HITPOINT WARNING * * *
There is a stone staircase leading up, spattered with blood here. 😨 HP[-38]
You take 38 damage, and now have 14/52 hp.
MASSIVE DAMAGE!! (PAUSE)
As you read the scroll of fear, it crumbles to dust.
You assume a fearsome visage.
The bullfrog looks frightened!
The two-headed ogre easily resists.
The yak looks frightened!
The water moccasin looks frightened!
A bullfrog comes into view.
The two-headed ogre hits you with a +0 dire flail!
* * * LOW HITPOINT WARNING * * *
The two-headed ogre hits you with a +0 giant club!
You die...

Skill      XL: |  1  2  3  4  5  6  7  8  9 |
---------------+----------------------------+-----
Fire Magic     | 4 5 6 8 9 |  9.4
Dodging        | 3 4 5 6 7 |  7.2
Fighting       | 1 2 3 4 |  4.4
Conjurations   | 2 3 5 6 |  6.0
Spellcasting   | 4 5 6 7 |  7.8
Hexes          | 1 2 3 |  3.0
Stealth        | |  2.4

Action                     |  1- 3 |  4- 6 |  7- 9 || total
---------------------------+-------+-------+-------++-------
  Melee: Short sword       |       |    12 |    13 ||    25
         Punch             |       |       |     1 ||     1
   Cast: Foxfire           |    59 |    79 |    88 ||   226
         Scorch            |       |    23 |    53 ||    76
         Flame Wave        |       |     1 |     9 ||    10
         Volatile Blastmot |       |       |     1 ||     1
    Use: Scroll            |     5 |     8 |     6 ||    19
 Armour: Robe              |     5 |    18 |    58 ||    81
  Dodge: Dodged            |     3 |    54 |   102 ||   159

Levels and vault maps discovered:
D:1:      roderic_chinese_lattice_arrival, layout_basic,
          chequers_serial_rivers_marsh
D:2:      layout_rooms, serial_bayou, serial_bayou_shore_a,
          serial_bayou_shore_b, serial_bayou_crossing, serial_bayou_lagoon_b,
          dreamdust_ecumenical_altar_statues, uniq_natasha
D:3:      layout_basic, zin_purify, grunt_ministairs_14, minmay_pentomino_pile
D:4:      layout_loops_ring, ashenzari_conservatory_becter, temple_green,
          gammafunk_ghost_stat_death
D:5:      layout_basic, minmay_fractal_squares_diagonal_5, uniq_sigmund
D:6:      layout_basic, general_overflow_altar
D:7:      layout_rooms, uniq_duvessa
D:8:      layout_rooms, chequers_temple_overflow_statue_of_worship,
          chequers_temple_overflow_minitemple, hellmonk_lair_entry_icy,
          hellmonk_ghost_happy_afterlife, nrook_campfire, st_stairs_9
Temple:   nicolae_temple_ecumenical_triangle

Notes
Turn   | Place    | Note
-------+----------+-------------------------------------------
     0 | D:1      | kae the Deep Elf Fire Elementalist began the quest for the
                  | Orb.
     0 | D:1      | Reached XP level 1. HP: 10/10 MP: 6/6
     0 | D:1      | magus.rc [v1.11.3]
   253 | D:1      | Reached XP level 2. HP: 15/15 MP: 5/8
  1113 | D:2      | You pick up a book of Changes and begin reading...
  1113 | D:2      | You add the spells Wereblood and Irradiate to your library.
  1256 | D:2      | Noticed Natasha
  1265 | D:2      | Killed Natasha
  1266 | D:2      | Reached skill level 4 in Fire Magic
  1266 | D:2      | Reached XP level 3. HP: 14/20 MP: 4/9
  1304 | D:2      | Reached skill level 3 in Dodging
  1330 | D:2      | Found a faded altar of an unknown god.
  1490 | D:2      | Reached XP level 4. HP: 24/24 MP: 8/11
  1603 | D:2      | Noticed Natasha
  1607 | D:2      | Killed Natasha
  1608 | D:2      | Reached skill level 1 in Fighting
  1608 | D:2      | Reached skill level 2 in Conjurations
  1611 | D:2      | Learned a level 2 spell: Scorch
  1615 | D:2      | Learned a level 3 spell: Inner Flame
  1619 | D:2      | Learned a level 3 spell: Volatile Blastmotes
  2368 | D:3      | Reached XP level 5. HP: 29/29 MP: 9/12
  2707 | D:3      | Found Zin's Purification Station.
  2717 | D:3      | Found a glowing silver altar of Zin.
  3182 | D:4      | Found a broken altar of Ashenzari.
  3192 | D:4      | Reached skill level 4 in Spellcasting
  3192 | D:4      | Reached skill level 1 in Hexes
  3630 | D:4      | Noticed noobster's ghost (amateur HuFi)
  3642 | D:4      | Found a transporter.
  3657 | D:4      | Reached skill level 5 in Fire Magic
  3657 | D:4      | Reached XP level 6. HP: 22/35 MP: 6/14
  3918 | D:4      | Found a transporter.
  4015 | D:4      | Reached skill level 2 in Hexes
  4156 | D:4      | Found a staircase to the Ecumenical Temple.
  4164 | Temple   | Entered the Ecumenical Temple
  4177 | Temple   | Became a worshipper of Vehumet
  4197 | D:4      | Learned a level 4 spell: Flame Wave
  4238 | D:5      | Entered Level 5 of the Dungeon
  4335 | D:5      | Reached skill level 4 in Dodging
  4336 | D:5      | Reached skill level 2 in Fighting
  4336 | D:5      | Reached skill level 3 in Conjurations
  4353 | D:5      | Reached XP level 7. HP: 33/40 MP: 3/16
  4572 | D:5      | Reached skill level 5 in Spellcasting
  4572 | D:5      | Reached skill level 3 in Hexes
  4657 | D:5      | You pick up a book of Geomancy and begin reading...
  4657 | D:5      | You add the spells Sandblast, Passwall, Stone Arrow and
                  | Brom's Barrelling Boulder to your library.
  4703 | D:5      | You pick up a book of Touch and begin reading...
  4703 | D:5      | You add the spells Kiss of Death, Confusing Touch and
                  | Dispel Undead to your library.
  4747 | D:5      | Reached skill level 6 in Fire Magic
  4748 | D:5      | Reached * piety under Vehumet
  4748 | D:5      | Offered knowledge of Freeze by Vehumet.
  4848 | D:5      | Noticed Sigmund
  4860 | D:5      | Killed Sigmund
  5025 | D:5      | Reached skill level 5 in Dodging
  5025 | D:5      | Reached XP level 8. HP: 45/45 MP: 14/18
  5336 | D:5      | Reached skill level 4 in Conjurations
  5425 | D:5      | Identified a scroll of acquirement
  5425 | D:5      | Acquired the staff of the Median {rF+ rN+ MP+9 Str-3 Fire}
  5490 | D:5      | Reached skill level 3 in Fighting
  5490 | D:5      | Reached skill level 7 in Fire Magic
  5543 | D:6      | Reached skill level 6 in Spellcasting
  5905 | D:6      | Reached skill level 6 in Dodging
  6013 | D:6      | Found an ancient bone altar of Kikubaaqudgha.
  6186 | D:6      | Reached skill level 5 in Conjurations
  6186 | D:6      | Reached skill level 8 in Fire Magic
  6186 | D:6      | Reached XP level 9. HP: 51/51 MP: 21/21
  6455 | D:7      | Noticed Duvessa
  6461 | D:7      | Noticed Dowan
  6476 | D:7      | Offered knowledge of Searing Ray by Vehumet.
  6476 | D:7      | Killed Duvessa
  6476 | D:7      | Reached ** piety under Vehumet
  6485 | D:7      | Killed Dowan
  6601 | D:7      | Reached skill level 7 in Spellcasting
  6724 | D:7      | Reached skill level 4 in Fighting
  7190 | D:7      | Reached skill level 9 in Fire Magic
  7191 | D:7      | Reached skill level 7 in Dodging
  7279 | D:8      | Noticed a two-headed ogre
  7284 | D:7      | Reached skill level 6 in Conjurations
  7318 | D:8      | HP: 1/52 [two-headed ogre/+0 dire flail (14)]
  7318 | D:8      | Demolished by a two-headed ogre

Vanquished Creatures
  Sigmund (D:5)
  5 yaks
  A wyvern (D:6)
  A steam dragon (D:7)
  2 water moccasins
  Duvessa (D:7)
  An ice beast (D:6)
  A black bear (D:6)
  4 ogres
  A centaur (D:6)
  A kobold brigand (D:6)
  A phantom (D:6)
  A gnoll sergeant (D:7)
  5 scorpions
  Dowan (D:7)
  A killer bee (D:8)
  2 howler monkeys
  3 hounds
  2 orc priests
  A sleepcap (D:4)
  2 iguanas (D:5)
  Natasha (twice) (D:2)
  3 orc wizards
  11 gnolls
  8 adders
  A white imp (D:7)
  2 ufetubi (D:5)
  A worm (D:3)
  5 dart slugs
  18 orcs
  5 ball pythons
  7 endoplasms
  4 giant cockroaches
  4 goblins
  5 hobgoblins
  A jackal (D:5)
  12 kobolds
  6 bats
  5 frilled lizards
  4 rats
142 creatures vanquished.

Vanquished Creatures (others)
  An orc wizard (D:4)
  371 foxfires
372 creatures vanquished.

Grand Total: 514 creatures vanquished

Table legend:
 A = Non-vault XP
 B = Vault XP
 C = Vault XP percentage of total XP
 D = Non-vault monster count
 E = Vault monster count
 F = Vault count percentage of total count
                 A         B        C        D         E       F
            +---------+---------+-------+---------+---------+-------
      Total |    3975 |     976 |  19.7 |     123 |      20 |  14.0
            +---------+---------+-------+---------+---------+-------
        D:1 |      35 |       0 |   0.0 |      23 |       0 |   0.0
        D:2 |      62 |      35 |  36.1 |       5 |       1 |  16.7
        D:3 |      72 |      18 |  20.0 |      18 |       7 |  28.0
        D:4 |     338 |       0 |   0.0 |      13 |       0 |   0.0
        D:5 |     898 |     382 |  29.8 |      28 |       7 |  20.0
        D:6 |    1025 |       0 |   0.0 |      16 |       0 |   0.0
        D:7 |    1346 |     214 |  13.7 |      19 |       2 |   9.5
        D:8 |     199 |     327 |  62.2 |       1 |       3 |  75.0
            +---------+---------+-------+---------+---------+-------

Skill      XL: |  1  2  3  4  5  6  7  8  9 |
---------------+----------------------------+-----
Fire Magic     | 4 5 6 8 9 |  9.4
Dodging        | 3 4 5 6 7 |  7.2
Fighting       | 1 2 3 4 |  4.4
Conjurations   | 2 3 5 6 |  6.0
Spellcasting   | 4 5 6 7 |  7.8
Hexes          | 1 2 3 |  3.0
Stealth        | |  2.4

Action                     |  1- 3 |  4- 6 |  7- 9 || total
---------------------------+-------+-------+-------++-------
  Melee: Short sword       |       |    12 |    13 ||    25
         Punch             |       |       |     1 ||     1
   Cast: Foxfire           |    59 |    79 |    88 ||   226
         Scorch            |       |    23 |    53 ||    76
         Flame Wave        |       |     1 |     9 ||    10
         Volatile Blastmot |       |       |     1 ||     1
    Use: Scroll            |     5 |     8 |     6 ||    19
 Armour: Robe              |     5 |    18 |    58 ||    81
  Dodge: Dodged            |     3 |    54 |   102 ||   159

Illustrated notes

Table legend:
 A = Kills in this place as a percentage of kills in the entire game.
 B = Kills by you in this place as a percentage of kills by you in the entire game.
 C = Kills by friends in this place as a percentage of kills by friends in the entire game.
 D = Other kills in this place as a percentage of other kills in the entire game.
 E = Experience gained in this place as a percentage of experience gained in the entire game.
 F = Experience gained in this place divided by the number of levels of this place that you have seen.
                   A       B       C       D       E      F
               +-------+-------+-------+-------+-------+----------------------
         Total | 100.0 | 100.0 |   N/A | 100.0 | 100.0 | 550.1
       Dungeon | 100.0 | 100.0 |   N/A | 100.0 | 100.0 | 618.9
               +-------+-------+-------+-------+-------+----------------------

Table legend: (Time is in decaauts)
 A = Elapsed time spent in this place.
 B = Non-inter-level travel time spent in this place.
 C = Inter-level travel time spent in this place.
 D = Time resting spent in this place.
 E = Time spent auto-exploring this place.
 F = Levels seen in this place.
 G = Mean time per level.
                   A        B        C        D        E       F      G
               +--------+--------+--------+--------+--------+-----+--------+
         Total |   7348 |   7189 |    159 |    148 |   6012 |   9 |  816.4 |
       Dungeon |   7321 |   7188 |    133 |    148 |   6012 |   8 |  915.1 |
        Temple |     26 |      1 |     25 |      0 |      0 |   1 |   26.0 |
               +--------+--------+--------+--------+--------+-----+--------+

Top non-repeatable levels by time:
     D:3: 1347 daAuts
     D:5: 1280 daAuts
     D:1: 1110 daAuts
     D:4: 1043 daAuts
     D:6: 919 daAuts
     D:7: 863 daAuts
     D:2: 739 daAuts
  Temple: 26 daAuts
     D:8: 17 daAuts
